 Dungeon Crawl Stone Soup version 0.19.3-4-gbf9329e (webtiles) character file.

198 empire the Shield-Bearer (level 5, 0/47 HPs)
             Began as a Minotaur Fighter on Jan 27, 2017.
             Slain by Grinder (6 damage)
             ... while paralysed by Grinder
             ... on level 3 of the Dungeon.
             The game lasted 00:02:38 (1728 turns).

empire the Shield-Bearer (Minotaur Fighter)         Turns: 1728, Time: 00:02:38

Health: 0/47       AC:  7    Str: 21    XL:     5   Next: 47%
Magic:  4/4        EV:  2    Int:  5    God:
Gold:   115        SH:  0    Dex: 10    Spells: 0 memorised, 4 levels left

rFire  . . .     SeeInvis .     a - +0 long sword
rCold  . . .     Gourm    .     b - +0 scale mail
rNeg   . . .     Faith    .     c - +0 shield
rPois  .         Spirit   .     (helmet restricted)
rElec  .         Reflect  .     (no cloak)
rCorr  .         Harm     .     (no gloves)
MR     .....                    (no boots)
Stlth  ..........               (no amulet)
                                (no ring)
                                (no ring)

@: paralysed
A: retaliatory headbutt, horns 2
a: no special abilities


You were on level 3 of the Dungeon.
You were hungry.

You visited 1 branch of the dungeon, and saw 3 of its levels.

You collected 115 gold pieces.

Inventory:

Hand Weapons
 a - a +0 long sword (weapon)
 k - a +0 dagger of speed
Armour
 b - a +0 scale mail (worn)
 c - a +0 shield (worn)
Jewellery
 e - an uncursed amulet of magic regeneration {unknown}
 j - an uncursed ring of protection from fire {unknown}
Wands
 n - a wand of digging (6/24)
Scrolls
 g - a scroll of enchant weapon {unknown}
 h - a scroll of random uselessness {unknown}
 l - a scroll of immolation {unknown}
 m - 3 scrolls of remove curse {unknown}
 r - a scroll of identify {unknown}
Potions
 d - a potion of might
 i - a potion of berserk rage {unknown}
 o - a potion of curing {unknown}
 s - a potion of mutation {unknown}
 t - a potion of resistance {unknown}
Comestibles
 f - 2 bread rations
 p - a meat ration
 q - a beef jerky


   Skills:
 + Level 4.7 Fighting
 + Level 4.2 Long Blades
 + Level 4.7 Armour
 + Level 5.0 Shields


You had 4 spell levels left.
You didn't know any spells.

Dungeon Overview and Level Annotations

Branches:
Dungeon (3/15)

Altars:
Hepliaklqana
Ru

Annotations:
D:3 Grinder


Innate Abilities, Weirdness & Mutations

You reflexively headbutt those who attack you in melee.
You have a pair of horns on your head.


Message History

You hit Grinder but do no damage.
Grinder is moderately wounded.
The adder bites you but does no damage. Grinder hits you.
You writhe in agony.
* * * LOW HITPOINT WARNING * * *
The adder barely misses you. You furiously retaliate!
You headbutt the adder! Grinder hits you but does no damage.
You hit Grinder. You headbutt Grinder, but do no damage.
Grinder is moderately wounded.
You block the adder's attack. Grinder hits you but does no damage.
Your shield and scale mail prevent you from hitting Grinder.
Your headbutt misses Grinder.
Grinder is moderately wounded.
You block the adder's attack. Grinder hits you but does no damage.
You block the adder's attack. Grinder gestures at you.
You suddenly lose the ability to move!
The adder bites you but does no damage. Grinder hits you!
* * * LOW HITPOINT WARNING * * *
You writhe in agony.
You die...

# #. #.#######+###+##
#.....<........##
###...............#
PP....S5......#.#.####.#
######@......#........#
#........#...#.######
#.##.###.#.#.#.#..#
.............>#.#..# ##
.####.....#.#.#..# ..
.....#######.#..# .
#...#...........###
#.....######....... ..
##.....#..# #...####


You could see Grinder and an adder.

Vanquished Creatures
  Ijyb (D:2)
  Natasha (thrice) (D:2)
  4 adders (D:2)
  5 dart slugs (D:1)
  2 leopard geckos
  3 bats
  2 giant cockroaches (D:1)
  7 goblins
  3 hobgoblins
  7 jackals (D:1)
  A quokka (D:2)
  2 frilled lizards (D:2)
  8 kobolds
  5 rats
53 creatures vanquished.

Notes
Turn   | Place    | Note
-------+----------+-------------------------------------------
     0 | D:1      | empire the Minotaur Fighter began the quest for the Orb.
     0 | D:1      | Reached XP level 1. HP: 19/19 MP: 0/0
   150 | D:1      | Reached skill level 4 in Shields
   150 | D:1      | Reached XP level 2. HP: 18/26 MP: 1/1
   635 | D:1      | Reached XP level 3. HP: 32/33 MP: 2/2
   927 | D:2      | Noticed Natasha
   933 | D:2      | Killed Natasha
   933 | D:2      | Reached XP level 4. HP: 36/40 MP: 3/3
   934 | D:2      | Noticed Ijyb
   939 | D:2      | Killed Ijyb
   943 | D:2      | Noticed Natasha
   955 | D:2      | Killed Natasha
  1056 | D:2      | Noticed Natasha
  1070 | D:2      | Killed Natasha
  1070 | D:2      | Reached XP level 5. HP: 25/47 MP: 4/4
  1170 | D:2      | Found a sacrificial altar of Ru.
  1559 | D:2      | Reached skill level 5 in Shields
  1637 | D:3      | Found a hazy altar of Hepliaklqana.
  1717 | D:3      | Noticed Grinder
  1727 | D:3      | Paralysed by Grinder for 2 turns
  1728 | D:3      | Slain by Grinder

Skill      XL: |  1  2  3  4  5 |
---------------+----------------+-----
Shields        | 4 5 |  5.0
Long Blades    | 3 4 |  4.2
Armour         | 4 |  4.7
Fighting       | 4 |  4.7

Action                   |  1- 3 |  4- 6 || total
-------------------------+-------+-------++-------
Melee: Long sword        |    81 |    63 ||   144
       Headbutt          |    17 |     9 ||    26
  Eat: Chunk             |       |     2 ||     2
Armor: Scale mail        |    56 |    26 ||    82
Dodge: Dodged            |    28 |    22 ||    50
Block: Shield            |    60 |    44 ||   104
       Rpst.: Long sword |     4 |     6 ||    10
